 Dungeon Crawl Stone Soup version 0.30-a0-965-g42e074c17a (webtiles) character file.

Game seed: 7533844069503335069

6591 Demosthentine the Fighter (level 10, 0/82 HPs)
             Began as a Demonspawn Gladiator on Mar 30, 2023.
             Slain by a wyvern (4 damage)
             ... on level 9 of the Dungeon.
             The game lasted 00:10:16 (9973 turns).

Demosthentine the Fighter (Demonspawn Gladiator)    Turns: 9973, Time: 00:10:17

Health: 0/82       AC: 11    Str: 22    XL:     10   Next: 71%
Magic:  0/10       EV: 18    Int:  9    God:
Gold:   1494       SH:  5    Dex: 24    Spells: 9/9 levels left

rFire   . . .      SeeInvis .      - Unarmed
rCold   . . .      Faith    .    (no shield)
rNeg    . . .      Spirit   +    p - +1 leather armour {Will+}
rPois   .          Reflect  +    c - +1 helmet
rElec   .          Rampage  .    n - +0 cloak
rCorr   .                        (no gloves)
Will    +....                    (no boots)
Stlth   ++                       k - amulet of reflection
HPRegen 0.33/turn                j - +6 ring of strength
MPRegen 0.24/turn                s - +6 ring of dexterity

@: no status effects
A: claws 2, icy blue scales 2, demonic guardian 1, magic shield, magic
regeneration, magic link
a: no special abilities


You were on level 9 of the Dungeon.
You visited 2 branches of the dungeon, and saw 10 of its levels.

You collected 1494 gold pieces.

Inventory:

Missiles
 e - a javelin (quivered)
Armour
 c - a +1 helmet (worn)
 n - a +0 cloak (worn)
 p - a +1 leather armour of willpower (worn)
Jewellery
 j - a +6 ring of strength (left claw)
 k - an amulet of reflection (around neck)
 s - a +6 ring of dexterity (right claw)
Wands
 h - a wand of flame (26)
 o - a wand of mindburst (24)
Scrolls
 f - a scroll of teleportation
 t - a scroll of brand weapon {unknown}
 v - a scroll of magic mapping
Potions
 b - 2 potions of mutation
 d - a potion of haste {unknown}
 g - a potion of cancellation {unknown}
 i - a potion of resistance
 l - a potion of brilliance
 m - a potion of degeneration {unknown}
 q - a potion of flight


   Skills:
 + Level 8.5 Fighting
 - Level 3.4 Polearms
 - Level 1.7 Throwing
 + Level 7.4 Armour
 + Level 8.1 Dodging
 + Level 7.1 Unarmed Combat


You had 9 spell levels left.
You didn't know any spells.
Your spell library contained the following spells:

 Spells                   Type           Power      Damage    Failure   Level
 Blink                    Tloc           0%         N/A       56%         2
 Cigotuvi's Dreadful Rot  Necr/Pois/Air  0%         N/A       56%         2
 Sublimation of Blood     Necr           0%         N/A       56%         2
 Wereblood                Tmut           0%         N/A       56%         2
 Kindle Blastsparks       Fire/Tloc/Air  0%         2d10      80%         3
 Dispel Undead            Necr           0%         3d6       99%         4
 Fulminant Prism          Conj/Hex       0%         3d5       99%         4
 Iskenderun's Mystic Bla  Conj/Tloc      0%         2d3       99%         4
 Manifold Assault         Tloc           0%         N/A       99%         4
 Lee's Rapid Deconstruct  Erth           0%         3d4*      100%        5
 Death Channel            Necr           0%         N/A       100%        6
 Storm Form               Tmut/Air       0%         N/A       100%        7
 Summon Hydra             Summ           0%         N/A       100%        7


Dungeon Overview and Level Annotations

Branches:
Dungeon (9/15)             Temple (1/1) D:7
   Lair: D:8-11         Orc: D:9-12

Altars:
Ashenzari
Cheibriados
Dithmenos
Fedhas
Gozag
Kikubaaqudgha
Makhleb
Nemelex Xobeh
Okawaru
Qazlal
Ru
Sif Muna
Trog
Uskayaw
Vehumet
Wu Jian
Xom
Yredelemnul

Shops:
D:2 =

Annotations:
D:9 Harold


Innate Abilities, Weirdness & Mutations

You have very sharp fingernails.
You are mostly covered in icy blue scales. (AC +3)
A weak demonic guardian rushes to your aid.
When hurt, damage is shared between your health and your magic reserves.
You regenerate magic rapidly.
When low on magic, you restore magic in place of health.


Message History

The wyvern is severely wounded.
The wyvern bites you.
* * * LOW HITPOINT WARNING * * *
You claw the wyvern!
The wyvern is almost dead.
You float gracefully downwards.
The wyvern misses you. The wyvern barely misses you.
Unknown command.
You swap places.
Your quasit closely misses the wyvern.
Your quasit claws the wyvern.
Your quasit claws the wyvern but does no damage.
The wyvern bites your quasit!
Your quasit bites the wyvern.
The wyvern dies!
A wyvern comes into view.
Unknown command.
Your quasit bites the orc warrior but does no damage.
Your quasit claws the orc warrior but does no damage.
Your quasit barely misses the orc warrior.
Your quasit bites the orc warrior but does no damage.
Your quasit barely misses the orc warrior.
Your quasit claws the orc warrior but does no damage.
The orc warrior hits your quasit with a +0 mace!
Your quasit dies!
Your quasit disappears in a puff of smoke!
You scratch the orc warrior but do no damage.
The orc warrior completely misses you.
You claw the orc warrior!
The orc warrior is heavily wounded.
The orc warrior hits you with a +0 mace!
* * * LOW HITPOINT WARNING * * *
You claw the orc warrior!
The orc warrior is severely wounded.
The orc warrior hits you but does no damage.
You scratch the orc warrior but do no damage.
The orc warrior is severely wounded.
You block the orc warrior's attack.
You claw the orc warrior!
You kill the orc warrior!
The wyvern bites you!
You die...

.## .# ..# .l
##..#### #. ..#.#.#
#. #..#.## ###
###.#.#.#.# ....
#....)).)#####.....
##..##.#.)#........
#. #.l##l@....... #
########+#####
....... .......


You could see a wyvern.

Vanquished Creatures
  Gastronok (D:8)
  Maurice (D:8)
  Joseph (D:7)
  Maggie (D:7)
  A wyvern (D:8)
  Eustachio (D:5)
  2 yaks (D:8)
  2 steam dragons (D:8)
  Duvessa (D:6)
  3 water moccasins
  A black bear (D:7)
  4 orc warriors
  2 ice beasts
  3 ogres
  2 sky beasts
  A centaur (D:8)
  A phantom (D:4)
  3 bullfrogs
  A gnoll sergeant (D:7)
  7 scorpions
  3 wights (D:8)
  Dowan (D:6)
  3 howler monkeys
  A hound (D:7)
  4 jellies
  3 orc priests
  3 iguanas
  2 sleepcaps
  6 orc wizards
  12 gnolls
  11 adders
  A worm (D:4)
  4 dart slugs
  20 orcs
  12 endoplasms
  A giant cockroach (D:2)
  8 hobgoblins
  5 quokkas
  6 ball pythons
  4 bats
  6 frilled lizards
  9 goblins
  4 kobolds
  3 rats
171 creatures vanquished.

Vanquished Creatures (collateral kills)
  A wyvern (D:9)
  A phantom (D:4)
  A gnoll bouda (D:4)
  2 gnolls (D:7)
  A worm (D:4)
  An orc (D:9)
7 creatures vanquished.

Vanquished Creatures (others)
  An orc wizard (D:3)
1 creature vanquished.

Grand Total: 179 creatures vanquished

Notes
Turn   | Place    | Note
-------+----------+-------------------------------------------
     0 | D:1      | Demosthentine the Demonspawn Gladiator began the quest for
                  | the Orb.
     0 | D:1      | Reached XP level 1. HP: 16/16 MP: 1/1
   160 | D:1      | Gained mutation: A weak demonic guardian rushes to your
                  | aid. [demonic ancestry]
   160 | D:1      | Reached XP level 2. HP: 22/22 MP: 2/2
   760 | D:2      | Found Ivvom's Jewellery Boutique.
   963 | D:2      | Reached skill level 1 in Armour
   967 | D:2      | Gained mutation: You are partially covered in icy blue
                  | scales. (AC +2) [demonic ancestry]
   967 | D:2      | Reached XP level 3. HP: 28/28 MP: 3/3
  1698 | D:3      | Gained mutation: You have sharp fingernails. [demonic
                  | ancestry]
  1698 | D:3      | Reached XP level 4. HP: 13/34 MP: 4/4
  1857 | D:3      | Gained mutation: You have very sharp fingernails. [demonic
                  | ancestry]
  1857 | D:3      | Reached XP level 5. HP: 41/41 MP: 5/5
  2163 | D:3      | Found a basalt altar of Yredelemnul.
  2814 | D:3      | Found a shimmering altar of Xom.
  3059 | D:4      | Noticed a phantom
  3090 | D:4      | HP: 2/41 [phantom (4)]
  3092 | D:4      | Killed a phantom
  3093 | D:4      | Reached skill level 1 in Unarmed Combat
  3389 | D:4      | Gained mutation: You regenerate magic rapidly. [demonic
                  | ancestry]
  3389 | D:4      | Reached XP level 6. HP: 47/47 MP: 6/6
  3941 | D:4      | Noticed an orc warrior
  3954 | D:4      | Killed an orc warrior
  3955 | D:4      | Gained mutation: When hurt, damage is shared between your
                  | health and your magic reserves. [demonic ancestry]
  3955 | D:4      | Reached XP level 7. HP: 12/54 MP: 7/7
  4506 | D:4      | Identified a scroll of acquirement
  4506 | D:4      | Acquired 885 gold pieces
  4518 | D:5      | Entered Level 5 of the Dungeon
  4677 | D:5      | Noticed Eustachio
  5235 | D:5      | Reached skill level 5 in Fighting
  5235 | D:5      | Reached skill level 5 in Dodging
  5235 | D:5      | Gained mutation: You are mostly covered in icy blue scales.
                  | (AC +3) [demonic ancestry]
  5235 | D:5      | Reached XP level 8. HP: 59/62 MP: 8/8
  5300 | D:5      | Killed Eustachio
  6143 | D:6      | Reached skill level 5 in Armour
  6489 | D:7      | Found a staircase to the Ecumenical Temple.
  6531 | Temple   | Entered the Ecumenical Temple
  6741 | D:6      | Reached XP level 9. HP: 25/69 MP: 7/9
  7173 | D:7      | Reached skill level 5 in Unarmed Combat
  7245 | D:7      | Noticed Joseph
  7272 | D:7      | Killed Joseph
  7566 | D:7      | Noticed Maggie
  7570 | D:7      | Noticed Duvessa
  7737 | D:7      | Noticed Dowan
  7838 | D:6      | Killed Duvessa
  7847 | D:6      | Killed Dowan
  7977 | D:7      | Killed Maggie
  8431 | D:8      | Found an ornate altar of the Wu Jian Council.
  8669 | D:8      | Noticed Gastronok
  8684 | D:8      | Killed Gastronok
  8685 | D:8      | Gained mutation: When low on magic, you restore magic in
                  | place of health. [demonic ancestry]
  8685 | D:8      | Reached XP level 10. HP: 40/80 MP: 6/10
  9695 | D:8      | Noticed Maurice
  9713 | D:8      | Killed Maurice
  9900 | D:9      | Upgraded the game from 0.30-a0-956-gcec3b41aec to
                  | 0.30-a0-965-g42e074c17a
  9903 | D:9      | Noticed Harold
  9937 | D:9      | HP: 2/82 [orc priest/+0 whip (4)]
  9970 | D:9      | HP: 4/82 [orc warrior/+0 mace (10)]
  9973 | D:9      | Slain by a wyvern

Illustrated notes

Levels and vault maps discovered:
D:1:      minmay_arrival_three_doors, layout_basic
D:2:      layout_loops_corners, serial_shops, nicolae_shop_stone,
          minmay_tree_intersection, minmay_goblin_outpost
D:3:      layout_basic, kennysheep_ying_yang, mainiacjoe_overflow_24_doors,
          st_stairs_12
D:4:      layout_basic, chequers_serial_rivers_marsh, hangedman_decor_riveting,
          grunt_ministairs_1, guppyfry_early_orc_mine
D:5:      layout_basic, uniq_eustachio
D:6:      layout_basic, minmay_misc_feat_more_columns
D:7:      layout_basic, minmay_temple_entry_tees, uniq_maggie, uniq_joseph,
          uniq_duvessa
D:8:      layout_loops_corners, overflow_temple_1_default, skrybe_limestone_x,
          kennysheep_cross_room, minmay_quadrilaterals, uniq_gastronok,
          uniq_maurice
D:9:      minmay_cornered_nines, layout_irregular_city, erik_orc_3, uniq_harold
Temple:   bh_familiar_temple

Skill      XL: |  1  2  3  4  5  6  7  8  9 10 |
---------------+-------------------------------+-----
Dodging        | 3 4 5 6 7 8 |  8.1
Polearms       | 3 |  3.4
Armour         | 1 2 3 5 6 7 |  7.4
Fighting       | 3 4 5 6 7 8 |  8.5
Unarmed Combat | 1 2 3 4 6 7 |  7.1
Throwing       | |  1.7

Action                     |  1- 3 |  4- 6 |  7- 9 | 10-12 || total
---------------------------+-------+-------+-------+-------++-------
  Melee: Trident           |   130 |    19 |       |       ||   149
         Punch             |       |     2 |    25 |     9 ||    36
         Unarmed           |       |   307 |   428 |   125 ||   860
  Throw: Throwing net      |       |       |     7 |     2 ||     9
    Use: Scroll            |     4 |     4 |     6 |     3 ||    17
         Potion            |       |     7 |     2 |     3 ||    12
   Stab: Sleeping          |     6 |       |     2 |       ||     8
         Invisible         |       |     3 |       |       ||     3
         Held in net/web   |       |       |     2 |     1 ||     3
 Armour: Leather armour    |    32 |   111 |   119 |    21 ||   283
         Skin              |       |     3 |       |       ||     3
  Dodge: Dodged            |    63 |   172 |   254 |    67 ||   556
  Block: Other             |       |       |    85 |    15 ||   100
         Reflection        |       |       |     1 |     1 ||     2

Table legend: (Time is in decaauts)
 A = Elapsed time spent in this place.
 B = Non-inter-level travel time spent in this place.
 C = Inter-level travel time spent in this place.
 D = Time resting spent in this place.
 E = Time spent auto-exploring this place.
 F = Levels seen in this place.
 G = Mean time per level.
                   A        B        C        D        E       F      G
               +--------+--------+--------+--------+--------+-----+--------+
         Total |   9947 |   9691 |    256 |   1128 |   6757 |  10 |  994.7 |
       Dungeon |   9753 |   9497 |    256 |   1128 |   6583 |   9 | 1083.7 |
        Temple |    193 |    193 |      0 |      0 |    174 |   1 |  193.0 |
               +--------+--------+--------+--------+--------+-----+--------+

Top non-repeatable levels by time:
     D:8: 1691 daAuts
     D:4: 1472 daAuts
     D:3: 1405 daAuts
     D:6: 1236 daAuts
     D:7: 1094 daAuts
     D:5: 1075 daAuts
     D:2: 896 daAuts
     D:1: 764 daAuts
  Temple: 193 daAuts
     D:9: 117 daAuts
